Unix NetHack Version 5.0.0-0 post-release - last build May 23 2026 06:08:33 (1c0ff79ee797540d5714e4e18072db0edd9e58ae,branch:main).

Game began 2026-05-28 20:33:22, ended 2026-05-28 21:12:01.

Eymerich, chaotic male elven Priest

                                                                            #
                                                                    --------.-
                                                                   #.........|
                                                -------------    ###|........|
                                               #............|    # #-........|
                        ------------           #|...........|    # #|........|
                        |...........#          #|...........|    #  |.>......|
          --------      |..........|#          #|...........|    #  |........|
          |[)+.).|      |..........|#          #-|-----------    #  ----------
          |...![.|      |.._.......|####d      # #               #
          |%+!*!.-######-..........|    @      # ###             #
          --------      -.----------   a#a#   ##   ##            #
                         ################-|---#     #####        #
                                        #|<...#         #        #
                                        #.e..|          ##       #
                                         |...|         --|------ #
                                         ---.-         |.......| #
                                            #          |.......|##
                                                       |........#
                                                       ---------

Eymerich the Acolyte         St:12 Dx:18 Co:12 In:9 Wi:19 Ch:9  Chaotic
Dlvl:3  $:7  HP:0(42) Pw:66(66) AC:6  Xp:5 T:2697  Fainted  Deaf

Latest messages:
 "Hello, Eymerich!  Welcome again to Abitibi's general store!"
 Elf needs food, badly!
 You see here 2 green gems (for sale, 6666 zorkmids).
 You see here a spellbook of detect food (for sale, 267 zorkmids).
 You see here 2 green gems (for sale, 6666 zorkmids).
 You see here a cursed ruby potion (for sale, 400 zorkmids).
 What do you want to use or apply? [ivM or ?*]
 X - a dog eared spellbook.
 What do you want to drop? [$abdimpqtvwIJMX or ?*]
 You drop a dog eared spellbook.
 Abitibi offers 150 gold pieces for your dog eared spellbook.  Sell it? [ynaq] (n)
 X - a dog eared spellbook.
 Pinky picks up a +0 small shield.
 What do you want to use or apply? [ivMX or ?*]
 You put a dog eared spellbook into the bag.
 Where do you want to travel to?
 (For instructions type a '?')
 You kill the giant ant!
 Where do you want to travel to?
 (For instructions type a '?')
 What do you want to put on? [v or ?*]
 You are now wearing a blindfold.
 You can't see any more.
 You were wearing a blindfold.
 You can see again.
 The giant ant just misses!
 You swap places with Pinky.
 You hear some noises.
 You swap places with Pinky.
 You faint from lack of food.
 The giant ant bites!
 The giant ant bites!
 The giant ant bites!
 The giant ant bites!
 The giant ant bites!
 The giant ant bites!
 The giant ant bites!
 The giant ant bites!
 The giant ant bites!
 The giant ant bites!
 The giant ant bites!
 The giant ant bites!
 The giant ant bites!
 The giant ant bites!
 The giant ant bites!
 The giant ant bites!
 The giant ant bites!
 You die...
 Do you want your possessions identified? [ynq] (y)
 Do you want to see your attributes? [ynq] (y)

Inventory:
 Coins    ('$')
  $ - 7 gold pieces
 Weapons  (')')
  w - 10 +0 daggers (at the ready)
  m - a rustproof +0 orcish dagger
  p - a +0 orcish dagger
  t - a blessed +2 aklys (alternate weapon; not wielded)
  a - a blessed +1 mace (weapon in right hand)
 Armor    ('[')
  q - a +0 orcish helm (being worn)
  I - a blessed +1 pair of iron shoes (being worn)
  J - a +0 dwarvish cloak (being worn)
  b - a +0 robe
 Potions  ('!')
  d - a potion of holy water
 Tools    ('(')
  M - a bag of holding containing 12 items
  i - a leather drum
  v - a blindfold

Contents of the bag of holding:
  24 gold pieces
  a clove of garlic
  a cram ration
  2 food rations
  2 lembas wafers
  a sprig of wolfsbane
  3 lichen corpses
  2 scrolls of teleportation
  a spellbook of stone to flesh
  a potion of fruit juice
  6 potions of holy water
  2 worthless pieces of black glass named soft

Eymerich the Priest's attributes:

Background:
 You were an Acolyte, a level 5 elven Priest.
 You were chaotic, on a mission for Manannan Mac Lir
 who was opposed by Lugh (lawful) and Brigit (neutral).
 You were right-handed.
 You were in the Dungeons of Doom, on level 3.
 You entered the dungeon 2697 turns ago.
 You had 171 experience points, 149 more were needed to attain level 6.

Basics:
 You had 0 out of 42 hit points.
 You had all 66 energy points (spell power).
 Your armor class was 6.
 Your wallet contained 7 zorkmids, and
 you had 24 more stashed away in your pack.
 Autopickup was off.

Final Characteristics:
 Your strength was 12 (base:13, limit:18).
 Your dexterity was 18 (limit:18).
 Your constitution was 12 (limit:16).
 Your intelligence was 9 (limit:20).
 Your wisdom was 19 (peak:20, limit:20).
 Your charisma was 9 (limit:18).

Final Status:
 You were deaf.
 You were fainted due to starvation.
 You were unencumbered.
 You were wielding a mace.
 You had basic skill with mace.

Final Attributes:
 You were piously aligned.
 Your items were somewhat protected from fire.
 Your items were somewhat protected from cold.
 You were sleep resistant.
 You were telepathic.
 You had infravision.
 You were warded.
 You are dead.

Miscellaneous:
 You didn't encounter any bones levels.
 Total elapsed playing time was 38 minutes and 38 seconds.

Major events:
 Turn
    1: Eymerich the chaotic elven Priest entered the dungeon
  745: attained the rank of Acolyte (level 3)
 1105: entered the Gnomish Mines
 2697: killed by a giant ant, while fainted from lack of food

Spells:
 Name                 Level Category     Fail Retention
 protection             1   clerical      21%   81%-90%
 detect food            2   divination    78%  76%-100%

Skills:
 Fighting Skills
   bare handed combat [Unskilled]
 Weapon Skills
   club               [Unskilled]
   mace               [Basic]
   morning star       [Unskilled]
   flail              [Unskilled]
   hammer             [Unskilled]
   quarterstaff       [Unskilled]
   polearms           [Unskilled]
   spear              [Unskilled]
   trident            [Unskilled]
   lance              [Unskilled]
   bow                [Unskilled]
   sling              [Unskilled]
   crossbow           [Unskilled]
   dart               [Unskilled]
   shuriken           [Unskilled]
   boomerang          [Unskilled]
   unicorn horn       [Unskilled]
 Spellcasting Skills
   healing spells     [Unskilled]
   divination spells  [Unskilled]
   clerical spells    [Basic]

Voluntary challenges:
 Character rerolling was not enabled.
 You never genocided any monsters.
 You never polymorphed an object.
 You never changed form.
 You used no wishes.
Achievements:
 You entered a shop.
 You attained the rank of Acolyte.
 You entered the Gnomish Mines.

 The Dungeons of Doom: levels 1 to 3
    Level 1:
    Level 2:
       A potion shop, a fountain.
       Stairs down to The Gnomish Mines.
    Level 3: <- You were here.
       A general store, an altar to Manannan Mac Lir.
       Final resting place for
          you, killed by a giant ant, while fainted from lack of food.
 The Gnomish Mines:
    Level 3:


Vanquished creatures:
  2 gnome leaders
  a giant ant
  a floating eye
  a dwarf
  a wererat
  a werejackal
 an iguana
 an acid blob
  a gas spore
  a large kobold
  2 giant rats
  a yellow mold
  8 gnomes
  a gnome zombie
  3 geckos
  2 jackals
  4 goblins
  5 grid bugs
  5 lichens
  3 kobold zombies
  4 newts
49 creatures vanquished.

No species were genocided or became extinct.

Game over:
                       ----------
                      /          \
                     /    REST    \
                    /      IN      \
                   /     PEACE      \
                  /                  \
                  |     Eymerich     |
                  |      31 Au       |
                  |   killed by a    |
                  |    giant ant     |
                  |                  |
                  |                  |
                  |       2026       |
                 *|     *  *  *      | *
        _________)/\\_//(\/(/\)/\//\/|_)_______

Goodbye Eymerich the Priest...

You died in The Dungeons of Doom on dungeon level 3 with 822 points,
and 31 pieces of gold, after 2697 moves.
You were level 5 with a maximum of 42 hit points when you died.

